 Dungeon Crawl Stone Soup version 0.25-a0-1104-g1bb6b8da34 (webtiles) character file.

Game seed: 16670648182651349730, levelgen mode: deterministic

185414 Gragers the Earth Mage (level 18, 0/113 HPs)
             Began as a Gargoyle Earth Elementalist on May 16, 2020.
             Was a High Priest of Vehumet.
             Killed from afar by a deep elf annihilator (71 damage)
             ... with a crystal spear
             ... on level 3 of the Elven Halls.
             The game lasted 01:42:23 (38550 turns).

Gragers the Earth Mage (GrEE)                      Turns: 38550, Time: 01:42:23

Health: 0/113      AC: 34    Str: 15    XL:     18   Next: 44%
Magic:  7/33       EV: 17    Int: 38    God:    Vehumet [*****.]
Gold:   57         SH:  0    Dex: 12    Spells: 9/40 levels left

rFire    + + .     SeeInvis .   c - +8 morningstar (holy)
rCold    + . .     Gourm    .   (no shield)
rNeg     + . .     Faith    .   k - +2 robe {rC+ rF+}
rPois    ∞         Spirit   .   I - +1 helmet {Int+3}
rElec    +         Reflect  .   Z - +2 cloak of Gyemio {rF+ Int+3}
rCorr    .         Harm     .   v - +2 pair of gloves {archery}
MR       +....                  r - +2 pair of boots {Stlth+}
Stlth    ++........             g - amulet of regeneration
HPRegen  0.68/turn              s - +6 ring of intelligence
MPRegen  0.23/turn              J - ring of Seynoibe {rElec AC+4 Int+5}

@: flying, very slightly contaminated
A: big wings, agile 1, negative energy resistance 1, screaming 1, electricity
resistance, unbreathing, petrification resistance, rot immunity, AC +13
a: Stop Flying, Renounce Religion


You were on level 3 of the Elven Halls.
You worshipped Vehumet.
Vehumet was extremely pleased with you.
You were not hungry.

You visited 7 branches of the dungeon, and saw 30 of its levels.
You visited the Abyss 2 times.
You visited 1 bazaar.
You also visited: Sewer and Ice Cave.

You collected 3600 gold pieces.
You spent 3543 gold pieces at shops.

Inventory:

Hand Weapons
 c - a +8 morningstar of holy wrath (weapon)
 t - a +1 morningstar of protection
 Y - the +5 dagger "Mogiss" {flame, rF++ MR+}
   (You found it on level 13 of the Dungeon)

   It has been specially enchanted to burn those struck by it, causing extra
   injury to most foes and up to half again as much damage against particularly
   susceptible opponents.
   It greatly protects you from fire.
   It affects your resistance to hostile enchantments.
Missiles
 n - 194 stones (quivered)
 R - 5 throwing nets
Armour
 k - a +2 robe of resistance (worn)
 r - a +2 pair of boots of stealth (worn)
 v - a +2 pair of gloves of archery (worn)
 A - a +2 robe of the Archmagi
 I - a +1 helmet of intelligence (worn)
 Z - the +2 cloak of Gyemio (worn) {rF+ Int+3}
   (You found it on level 13 of the Dungeon)

   It affects your intelligence (+3).
   It protects you from fire.
Magical Staves
 b - an uncursed staff of earth
 V - an uncursed staff of wizardry
Jewellery
 g - an amulet of regeneration (around neck)
 q - an uncursed ring of resist corrosion
 s - a +6 ring of intelligence (left hand)
 J - the ring of Seynoibe (right hand) {rElec AC+4 Int+5}
   (You acquired it on level 9 of the Dungeon)

   [ring of protection]

   It affects your AC (+4).
   It affects your intelligence (+5).
   It insulates you from electricity.
Wands
 f - a wand of polymorph (21)
 w - a wand of iceblast (8)
 y - a wand of digging (2)
 C - a wand of acid (6)
 D - a wand of clouds (6)
 E - a wand of flame (76)
 N - a wand of enslavement (26)
 O - a wand of random effects (40)
 U - a wand of paralysis (25)
Scrolls
 a - 2 scrolls of identify
 h - 11 scrolls of teleportation
 l - 3 scrolls of fear
 o - 12 scrolls of remove curse
 u - a scroll of fog
 F - 3 scrolls of amnesia
 H - 3 scrolls of holy word
 K - 2 scrolls of blinking
Potions
 e - 3 potions of magic
 j - 11 potions of curing
 m - 2 potions of cancellation
 p - 5 potions of might
 x - a potion of berserk rage
 z - 5 potions of brilliance
 B - a potion of mutation
 G - 3 potions of invisibility
 L - 4 potions of ambrosia
 P - 2 potions of resistance
 Q - a potion of heal wounds
 S - 4 potions of haste
 T - a potion of stabbing
Miscellaneous
 i - a tin of tremorstones (2/3)
Comestibles
 d - 30 rations


   Skills:
 + Level 12.7 Fighting
 + Level 11.8 Maces & Flails
 - Level 6.0 Armour
 + Level 10.2 Dodging
 - Level 2.1 Stealth
 + Level 11.9 Spellcasting
 + Level 13.3 Conjurations
   Level 0.7 Transmutations
 * Level 12.1 Fire Magic
 + Level 15.1 Earth Magic
 - Level 6.0 Evocations


You had 9 spell levels left.
You knew the following spells:

 Your Spells              Type           Power        Failure   Level  Hunger
a - Sandblast             Erth           ######       0%          1    None
b - Stone Arrow           Conj/Erth      ######       0%          3    None
c - Lee's Rapid Deconstr  Erth           #######...   1%          5    None
d - Iron Shot             Conj/Erth      #######...   1%          6    ###....
e - Fireball              Conj/Fire      #######...   1%          5    None
f - Borgnjor's Vile Clut  Necr/Erth      ######....   1%          5    None
g - Starburst             Conj/Fire      #######...   1%          6    ###....

Your spell library contained the following spells:

 Spells                   Type           Power        Failure   Level  Hunger
 Freezing Cloud           Conj/Ice/Air   ######....   11%         6    ###....
 Animate Skeleton         Necr           N/A          1%          1    None
 Apportation              Tloc           ###...       1%          1    None
 Beastly Appendage        Tmut           ####..       1%          1    None
 Corona                   Hex            ###....      1%          1    None
 Freeze                   Ice            ###.         1%          1    None
 Shock                    Conj/Air       ####         1%          1    None
 Summon Butterflies       Summ           ###.....     1%          1    None
 Summon Small Mammal      Summ           ###.         1%          1    None
 Passwall                 Tmut/Erth      ######..     1%          2    None
 Sticks to Snakes         Tmut           ####....     1%          2    None
 Frozen Ramparts          Ice            ###...       1%          3    None
 Static Discharge         Conj/Air       ######..     1%          3    None
 Hailstorm                Conj/Ice       ######..     1%          4    None
 Petrify                  Tmut/Erth      ######..     1%          4    None
 Lightning Bolt           Conj/Air       ######....   1%          5    None
 Ensorcelled Hibernation  Hex/Ice        ###...       2%          2    None
 Swiftness                Chrm/Air       ###.....     2%          2    None
 Confusing Touch          Hex            ###.....     4%          3    None
 Gell's Gravitas          Tloc           ###.......   4%          3    None
 Lesser Beckoning         Tloc           ###.......   4%          3    None
 Ozocubu's Armour         Chrm/Ice       ###.....     4%          3    None
 Spider Form              Tmut/Pois      ####......   4%          3    None
 Tukima's Dance           Hex            ###.....     4%          3    None
 Airstrike                Air            ###.......   4%          4    None
 Conjure Ball Lightning   Conj/Air       ######....   4%          6    ###....
 Yara's Violent Unravell  Hex/Tmut       ####......   11%         5    None
 Ice Form                 Ice/Tmut       ####....     14%         4    None
 Summon Ice Beast         Ice/Summ       ###.....     17%         4    None
 Summon Lightning Spire   Summ/Air       ###.....     17%         4    None
 Blade Hands              Tmut           ####......   34%         5    None
 Alistair's Intoxication  Tmut/Pois      ####....     36%         5    None
 Metabolic Englaciation   Hex/Ice        ###.......   43%         5    None
 Silence                  Hex/Air        ###.......   43%         5    None
 Summon Forest            Summ/Tloc      ###.......   43%         5    None
 Darkness                 Hex            ###.......   95%         6    ###....
 Invisibility             Hex            ###.....     95%         6    ###....
 Shadow Creatures         Summ           N/A          95%         6    ###....
 Summon Hydra             Summ           ###.......   100%        7    #####..
 Tornado                  Air            ###.......   100%        9    #######


Dungeon Overview and Level Annotations

Branches:
Dungeon (15/15)            Temple (1/1) D:4            Lair (6/6) D:8
 Shoals (2/4) Lair:4        Snake (1/4) Lair:4        Slime (0/5) Lair:5
    Orc (2/2) D:10            Elf (3/3) Orc:2        Vaults (0/5) D:13
 Depths (0/5) D:15          Sewer (visited)           IceCv (visited)

Altars:
Ashenzari
Cheibriados
Dithmenos
Elyvilon
Fedhas
Gozag
Hepliaklqana
Kikubaaqudgha
Makhleb
Nemelex Xobeh
Okawaru
Qazlal
Ru
Sif Muna
Trog
Uskayaw
Vehumet
Wu Jian
Xom
Yredelemnul
Zin
The Shining One
Beogh

Shops:
D:7 ?   D:9 [}*[=   D:11 *   Orc:2 *!!*%   Elf:1 *   Elf:2 %   Elf:3 *

Annotations:
D:12 2 runed translucent doors, Emudif's ghost, journeyman DrCj
Elf:1 2 transporters, Zilacon's ghost, adept OgMo
Elf:2 3 runed translucent doors


Innate Abilities, Weirdness & Mutations

You are resistant to torment.
Your stone body is resilient. (AC +13)
You are immune to poison.
Your large and strong wings let you fly indefinitely.
You resist negative energy. (rN+)
You are resistant to electric shocks. (rElec)
You can survive without breathing.
You are immune to petrification.
You are immune to rotting.
You are agile. (Dex +2)
You occasionally shout uncontrollably at your foes.


Message History

Unknown command.
You start resting.
The deep elf annihilator is too close now for your liking.
A deep elf annihilator is nearby!
Casting: Lee's Rapid Deconstruction (safe; 1% risk of failure)
Confirm with . or Enter, or press ? or * to list all spells.
Aiming: Iron Shot (mildly dangerous; 1% risk of failure)
Press: ? - help, Shift-Dir - straight line, f - deep elf annihilator
Aim: a deep elf annihilator, wielding a +0 dagger The iron shot misses the deep elf annihilator.
Casting: Iron Shot (mildly dangerous; 1% risk of failure)
Confirm with . or Enter, or press ? or * to list all spells.
Aiming: Iron Shot (mildly dangerous; 1% risk of failure)
Press: ? - help, Shift-Dir - straight line, f/p - deep elf annihilator
Aim: a deep elf annihilator, wielding a +0 dagger The iron shot misses the deep elf annihilator.
The deep elf annihilator points at you and mumbles some strange words.
The crystal spear hits you!!!
Ouch! That really hurt!
You die...

***** ,,,,***
###########
,,,,,,***
#........##
,,,,,,,,**
#.######.##
,,,,,,,,,** #####
#.##...#.##
,,,,,,,,,,**
#@e.# #.#......##
,,,,,,,,,,,**
###.# #.#........
,,,,,,,.....* #.#
#.#......##
,,,,,,⌠.....#*
#.# #.##...#.##
,,,,,,,......*
#.# #.###.##.##
*,,,,,,......#*
#.# #......[.##
***,,,,.....e.*
#.# #####.####
**,,,....))§* #.#
#.#
*,,,..ee.).####)#
##.####


You could see a deep elf annihilator.

Vanquished Creatures
  Bai Suzhen (Elf:3)
  A deep elf blademaster (Elf:3)
  A tentacled starspawn (Abyss:3)
  3 deep elf sorcerers
  Louise (Elf:3)
  An emperor scorpion (D:15)
  2 deep elf elementalists
  A war gargoyle (D:13)
  Nessos (Orc:2)
  A dire elephant (D:15)
  A deep elf annihilator (Elf:3)
  3 deep elf demonologists
  3 merfolk javelineers (Shoals:1)
  An ettin (Orc:2)
  3 deep elf death magi
  4 merfolk impalers (Shoals:1)
  5 deep elf high priests
  A yaktaur captain (D:13)
  2 fire dragons
  11 hydras
  Erolcha (Orc:2)
  Harold (D:11)
  2 ice dragons (IceCv)
  A catoblepas (Abyss:2)
  3 centaur warriors
  Erica (D:8)
  A merfolk avatar (Shoals:1)
  An ogre mage (D:13)
  21 dancing weapons
  13 death yaks
  4 two-headed ogres
  7 orc high priests
  Urug (D:13)
  A wretched star (Abyss:4)
  6 deep elf knights
  2 fire crabs (Abyss:2)
  6 unseen horrors
  3 wizards
  A swamp dragon (Abyss:3)
  8 deep elf archers
  An orc knight (D:15)
  A mana viper (Snake:1)
  An orb spider (shapeshifter) (Elf:2)
  Pikel (D:8)
  6 ugly things
  A lindwurm (Lair:6)
  62 deep elf magi
  An orc sorcerer (Orc:2)
  Maurice (D:8)
  7 fauns (Shoals:1)
  2 cyclopes
  9 elephants
  A worldbinder (Abyss:3)
  5 manticores
  10 black mambas
  3 ice statues
  A guardian serpent (Lair:4)
  A smoke demon (Abyss:4)
  A water nymph (Shoals:1)
  A merfolk siren (Shoals:1)
  Psyche (D:8)
  4 centaur zombies
  A gargoyle (D:14)
  10 spiny frogs
  3 molten gargoyles (Lair:6)
  3 yaktaurs
  An efreet (Abyss:4)
  6 rime drakes
  5 kobold demonologists
  An ancient zyme (Abyss:3)
  11 komodo dragons
  3 polar bears
  9 merfolk (Shoals:1)
  A troll (shapeshifter) (D:12)
  A tengu conjurer (Elf:1)
  A jumping spider (D:15)
  10 trolls
  A hornet (shapeshifter) (D:15)
  A hornet (D:11)
  2 slime creatures (D:15)
  3 wind drakes (Shoals:1)
  A raiju (Abyss:3)
  2 snapping turtles
  15 blink frogs
  10 hippogriffs
  A flying skull (Abyss:4)
  6 water elementals
  A centaur simulacrum (D:11)
  5 redbacks (D:15)
  2 ynoxinuls
  An air elemental (Elf:3)
  A shadow (D:15)
  2 spriggans
  6 wyverns
  Sigmund (D:2)
  A vampire (D:13)
  A wraith (D:15)
  10 basilisks
  4 fire elementals
  A neqoxec (Abyss:3)
  35 yaks
  2 hungry ghosts
  4 small abominations
  A steam dragon (Lair:6)
  2 chaos spawn
  8 large abominations
  7 vampire mosquitoes
  8 wargs
  A soldier ant (D:13)
  7 water moccasins
  An acid dragon (D:11)
  4 hell hounds (Lair:6)
  10 porcupines
  15 orc warriors
  16 ice beasts
  2 sky beasts
  An eye of draining (D:15)
  6 boggarts
  A hornet zombie (D:13)
  2 necrophages
  7 ogres
  7 wolves
  18 crocodiles
  3 centaurs
  4 big kobolds
  3 earth elementals
  A wyvern zombie (D:14)
  15 bullfrogs
  A gnoll sergeant (D:11)
  A wyvern skeleton (D:15)
  2 scorpions
  5 killer bees (D:11)
  12 wights
  A bullfrog zombie (D:11)
  A howler monkey (D:13)
  4 crimson imps
  5 lava snakes (Lair:6)
  8 hounds
  7 jellies
  45 orc priests
  A bullfrog skeleton (D:9)
  4 centaur skeletons
  2 iguanas
  Terence (D:3)
  19 orc wizards
  5 worker ants
  2 hound skeletons
  A howler monkey zombie (D:6)
  2 worker ant zombies
  Robin (D:2)
  A howler monkey skeleton (D:10)
  7 gnolls
  4 river rats
  12 adders
  5 shadow imps
  An ufetubus (Abyss:4)
  8 oozes
  2 adder zombies
  An adder skeleton (D:7)
  4 worms
  A dart slug (D:1)
  9 leopard geckos
  95 orcs
  11 giant cockroaches
  14 goblins
  12 hobgoblins
  11 jackals
  6 quokkas
  9 bats
  5 frilled lizards
  19 kobolds
  A quokka skeleton (D:5)
  A quokka zombie (D:5)
  11 rats
  2 fungi (Lair:5)
  7 plants
976 creatures vanquished.

Vanquished Creatures (collateral kills)
  A deep elf mage (Elf:3)
1 creature vanquished.

Vanquished Creatures (others)
  A fire elemental (Elf:2)
  7 fungi
  11 plants (Lair:6)
  4 starspawn tentacles (Abyss:3)
23 creatures vanquished.

Grand Total: 1000 creatures vanquished

Notes
Turn   | Place    | Note
-------+----------+-------------------------------------------
     0 | D:1      | Gragers the Gargoyle Earth Elementalist began the quest for
                  | the Orb.
     0 | D:1      | Reached XP level 1. HP: 10/10 MP: 3/3
   204 | D:1      | Reached skill level 4 in Earth Magic
   204 | D:1      | Reached XP level 2. HP: 15/15 MP: 1/5
   788 | D:1      | Reached XP level 3. HP: 16/19 MP: 6/6
  1213 | D:1      | Learned a level 3 spell: Stone Arrow
  2184 | D:2      | Noticed Robin
  2441 | D:1      | Reached skill level 1 in Conjurations
  2443 | D:1      | Reached XP level 4. HP: 17/24 MP: 8/8
  2533 | D:2      | Killed Robin
  2756 | D:2      | Noticed Sigmund
  2761 | D:2      | Killed Sigmund
  2761 | D:2      | Reached skill level 5 in Earth Magic
  2761 | D:2      | Reached XP level 5. HP: 18/28 MP: 4/10
  2761 | D:2      | Reached XP level 6. HP: 21/32 MP: 4/11
  3086 | D:2      | Learned a level 5 spell: Lee's Rapid Deconstruction
  3217 | D:2      | You fall into a shaft and drop 2 floors!
  3232 | D:4      | Reached skill level 6 in Earth Magic
  3340 | D:3      | Noticed Terence
  3472 | D:2      | Found a burning altar of Makhleb.
  3726 | D:2      | Found a shimmering blue altar of Sif Muna.
  3933 | D:3      | Reached XP level 7. HP: 36/36 MP: 6/13
  4324 | D:3      | Killed Terence
  4525 | D:3      | Found a sparkling altar of Nemelex Xobeh.
  4919 | D:4      | Reached skill level 7 in Earth Magic
  4922 | D:4      | Reached XP level 8. HP: 39/42 MP: 9/15
  4983 | D:4      | Reached skill level 1 in Fighting
  4983 | D:4      | Reached skill level 1 in Maces & Flails
  4983 | D:4      | Reached skill level 1 in Armour
  4983 | D:4      | Reached skill level 5 in Spellcasting
  4983 | D:4      | Reached skill level 1 in Evocations
  5190 | D:4      | Found a staircase to the Ecumenical Temple.
  5206 | Temple   | Entered the Ecumenical Temple
  5637 | D:5      | Entered Level 5 of the Dungeon
  5775 | D:5      | Found a snail-covered altar of Cheibriados.
  6101 | D:5      | Found a blossoming altar of Fedhas.
  6209 | D:5      | Found a white marble altar of Elyvilon.
  6463 | D:6      | Found a sacrificial altar of Ru.
  6479 | D:6      | Reached skill level 5 in Conjurations
  6676 | D:6      | Found a glowing drain.
  6688 | Sewer    | Entered a sewer
  6944 | Sewer    | Found a glowing silver altar of Zin.
  7140 | D:6      | Reached XP level 9. HP: 36/49 MP: 5/17
  7527 | D:7      | Found Yhorphar's Magic Scroll Shop.
  7535 | D:7      | Bought a scroll of identify for 22 gold pieces
  7535 | D:7      | Bought a scroll of identify for 22 gold pieces
  7535 | D:7      | Bought a scroll of identify for 22 gold pieces
  7535 | D:7      | Bought a scroll of enchant armour for 82 gold pieces
  7880 | D:7      | Reached skill level 8 in Earth Magic
  8070 | D:8      | Found an iron altar of Okawaru.
  8094 | D:8      | Noticed Psyche
  8109 | D:8      | Killed Psyche
  8235 | D:8      | Noticed Pikel
  8258 | D:8      | Noticed Maurice
  8262 | D:8      | Killed Maurice
  8262 | D:8      | Reached XP level 10. HP: 56/56 MP: 14/19
  8440 | D:8      | Noticed Erica
  8445 | D:8      | Killed Erica
  8551 | D:8      | Killed Pikel
  8588 | D:8      | Found a staircase to the Lair.
  8820 | D:9      | Found Ferghade's Jewellery Shoppe.
  8873 | D:9      | Found Sonnel's Armour Shop.
  8882 | D:9      | Found Yzxaikk's Assorted Antiques.
  8926 | D:9      | Found Peojikh's Gadget Shoppe.
  8953 | D:9      | Bought a scroll of identify for 56 gold pieces
  8953 | D:9      | Bought a scroll labeled KUTHRY LOCIV for 28 gold pieces
  8953 | D:9      | Bought a scroll of teleportation for 84 gold pieces
  8962 | D:9      | Got the ring of Seynoibe {rElec AC+4 Int+5}
  9039 | D:9      | Found a radiant altar of Vehumet.
  9039 | D:9      | Found a shimmering altar of Xom.
  9040 | D:9      | Found an opulent altar of Gozag.
  9044 | D:9      | Became a worshipper of Vehumet
  9061 | D:9      | Found a shadowy altar of Dithmenos.
  9515 | D:9      | Found Naighaq's Antique Armour Emporium.
  9607 | D:10     | Entered Level 10 of the Dungeon
  9653 | D:10     | Reached skill level 5 in Armour
  9803 | D:10     | Reached skill level 9 in Earth Magic
  9819 | D:10     | Found a staircase to the Orcish Mines.
  9949 | D:10     | Reached skill level 5 in Fighting
 10234 | D:10     | Gained mutation: You occasionally shout uncontrollably at
                  | your foes. [potion of mutation]
 10234 | D:10     | Gained mutation: You are agile. (Dex +2) [potion of
                  | mutation]
 10798 | D:11     | Found a flickering gateway to a bazaar.
 10801 | D:11     | Noticed a cyan ugly thing
 10805 | Bazaar   | Entered a bazaar
 10805 | Bazaar   | Found Zuane's Gadget Boutique.
 10805 | Bazaar   | Found Vydwoshu's Assorted Antiques.
 10808 | Bazaar   | Found Fiurch's Antique Armour Boutique.
 10809 | Bazaar   | Found Zodet's General Store.
 10812 | Bazaar   | Found Othrazos's Gadget Boutique.
 10827 | Bazaar   | Found Keinown's Gadget Shoppe.
 10904 | Bazaar   | Bought a scroll of magic mapping for 38 gold pieces
 10904 | Bazaar   | Bought a potion of heal wounds for 55 gold pieces
 10904 | Bazaar   | Bought a scroll of teleportation for 33 gold pieces
 10945 | D:11     | Killed a cyan ugly thing
 11046 | D:11     | Killed an unseen horror
 11046 | D:11     | Reached skill level 5 in Maces & Flails
 11046 | D:11     | Reached XP level 11. HP: 44/64 MP: 13/21
 11056 | D:11     | Reached * piety under Vehumet
 11056 | D:11     | Offered knowledge of Magic Dart by Vehumet.
 11199 | D:11     | Noticed a two-headed ogre
 11212 | D:11     | Killed a two-headed ogre
 11347 | D:11     | Noticed Harold
 11359 | D:11     | Killed Harold
 11470 | D:11     | Noticed a four-headed hydra
 11483 | D:11     | Killed a four-headed hydra
 11483 | D:11     | Reached skill level 5 in Evocations
 11516 | D:11     | Killed an unseen horror
 11795 | D:11     | Found Iraemai's Assorted Antiques.
 11803 | D:11     | Bought a green potion for 26 gold pieces
 11935 | D:11     | Offered knowledge of Searing Ray by Vehumet.
 11935 | D:11     | Reached skill level 5 in Dodging
 12299 | D:12     | Reached ** piety under Vehumet
 12344 | D:12     | Found a large runed translucent door.
 12346 | D:12     | Found a large runed translucent door.
 12348 | D:12     | Noticed Emudif's ghost (journeyman DrCj)
 12395 | D:12     | Reached skill level 10 in Earth Magic
 12487 | D:12     | Noticed a purple ugly thing
 12492 | D:12     | Killed a purple ugly thing
 12492 | D:12     | Reached XP level 12. HP: 62/71 MP: 18/23
 13042 | D:12     | Offered knowledge of Inner Flame by Vehumet.
 13503 | D:13     | Reached *** piety under Vehumet
 13656 | D:13     | Noticed a yaktaur captain
 13672 | D:13     | Killed a yaktaur captain
 13820 | D:13     | Found a gate to the Vaults.
 13852 | D:13     | Noticed Urug
 13884 | D:13     | Killed Urug
 14150 | D:13     | Noticed a two-headed ogre
 14159 | D:13     | Offered knowledge of Sticky Flame by Vehumet.
 14164 | D:13     | Killed a two-headed ogre
 14531 | D:13     | Noticed an ogre mage
 14534 | D:13     | Killed an ogre mage
 14581 | D:13     | Noticed a two-headed ogre
 14585 | D:13     | Reached skill level 11 in Earth Magic
 14589 | D:13     | Killed a two-headed ogre
 14620 | D:13     | Learned a level 5 spell: Borgnjor's Vile Clutch
 14682 | D:13     | Noticed a deep elf high priest
 14684 | D:13     | Noticed a war gargoyle
 14691 | D:13     | Killed a war gargoyle
 14691 | D:13     | Reached XP level 13. HP: 54/78 MP: 11/25
 14695 | D:13     | Killed a deep elf high priest
 14814 | D:13     | Got a bloodstained dagger
 14816 | D:13     | Got a twisted cloak
 14824 | D:13     | Identified the +5 dagger "Mogiss" {flame, rF++ MR+} (You
                  | found it on level 13 of the Dungeon)
 14853 | D:13     | Identified the +2 cloak of Gyemio {rF+ Int+3} (You found it
                  | on level 13 of the Dungeon)
 15095 | D:13     | Found a burning altar of Makhleb.
 15260 | D:14     | Reached **** piety under Vehumet
 15743 | D:14     | You fall into a shaft and drop 1 floor!
 15743 | D:15     | Entered Level 15 of the Dungeon
 15846 | D:15     | Offered knowledge of Bolt of Magma by Vehumet.
 15898 | D:15     | Found a frozen archway.
 15924 | IceCv    | Entered an ice cave
 16196 | IceCv    | Reached ***** piety under Vehumet
 16273 | IceCv    | Reached skill level 10 in Conjurations
 16313 | IceCv    | Noticed an ice dragon
 16314 | IceCv    | Noticed an ice dragon
 16328 | IceCv    | Killed an ice dragon
 16328 | IceCv    | Offered knowledge of Fireball by Vehumet.
 16335 | IceCv    | Killed an ice dragon
 16676 | D:14     | Reached skill level 12 in Earth Magic
 16969 | D:14     | Learned a level 5 spell: Fireball
 17033 | D:14     | Reached skill level 1 in Fire Magic
 17033 | D:14     | Gained mutation: Your large and strong wings let you fly
                  | indefinitely. [Gargoyle growth]
 17033 | D:14     | Reached XP level 14. HP: 82/86 MP: 25/27
 17707 | Lair:1   | Entered Level 1 of the Lair of Beasts
 21870 | Lair:4   | Found a staircase to the Snake Pit.
 22492 | Lair:4   | Found a staircase to the Shoals.
 23095 | Lair:5   | Reached skill level 5 in Fire Magic
 23096 | Lair:5   | Reached skill level 10 in Fighting
 23358 | Lair:5   | Reached skill level 10 in Spellcasting
 23630 | Lair:5   | Found a staircase to the Slime Pits.
 23921 | Lair:6   | Entered Level 6 of the Lair of Beasts
 24072 | Lair:5   | Reached XP level 15. HP: 64/92 MP: 16/29
 24815 | Lair:6   | Offered knowledge of Iron Shot by Vehumet.
 24815 | Lair:6   | Reached skill level 13 in Earth Magic
 24854 | Lair:6   | Learned a level 6 spell: Iron Shot
 26388 | Lair:6   | Found a large runed translucent door.
 26388 | Lair:6   | Found a large runed translucent door.
 26407 | Lair:6   | Reached skill level 10 in Maces & Flails
 27175 | Orc:1    | Entered Level 1 of the Orcish Mines
 27320 | Orc:2    | Entered Level 2 of the Orcish Mines
 27320 | Orc:2    | Noticed Nessos
 27323 | Orc:2    | Killed Nessos
 27694 | Orc:1    | Found a roughly hewn altar of Beogh.
 27765 | Orc:2    | Offered knowledge of Starburst by Vehumet.
 27775 | Orc:2    | Learned a level 6 spell: Starburst
 27835 | Orc:2    | Found a staircase to the Elven Halls.
 27946 | Orc:2    | Found Zeahoq's Assorted Antiques.
 27966 | Orc:2    | Noticed Erolcha
 27971 | Orc:2    | Killed Erolcha
 27983 | Orc:2    | Bought a scroll of magic mapping for 101 gold pieces
 27983 | Orc:2    | Bought a wand of acid (7) for 232 gold pieces
 27983 | Orc:2    | Bought a potion of heal wounds for 145 gold pieces
 28463 | Orc:2    | Found Ixtuz's Distillery.
 28463 | Orc:2    | Found Dagunew's Distillery.
 28468 | Orc:2    | Bought a potion of curing for 42 gold pieces
 28468 | Orc:2    | Bought a potion of magic for 112 gold pieces
 28468 | Orc:2    | Bought a potion of curing for 42 gold pieces
 28468 | Orc:2    | Bought a potion of curing for 42 gold pieces
 28477 | Orc:2    | Bought a potion of invisibility for 112 gold pieces
 28477 | Orc:2    | Bought a potion of ambrosia for 112 gold pieces
 28477 | Orc:2    | Bought a potion of ambrosia for 112 gold pieces
 28477 | Orc:2    | Bought a potion of ambrosia for 112 gold pieces
 28477 | Orc:2    | Bought a potion of magic for 112 gold pieces
 28477 | Orc:2    | Bought a potion of curing for 42 gold pieces
 28554 | Orc:2    | Found a roughly hewn altar of Beogh.
 28716 | Orc:2    | Reached XP level 16. HP: 99/99 MP: 13/30
 28721 | Orc:2    | Found Paiwod's Food Shoppe.
 28721 | Orc:2    | Found Plog's Assorted Antiques.
 28800 | Orc:2    | Bought a plate armour for 529 gold pieces
 28800 | Orc:2    | Bought a scroll of teleportation for 69 gold pieces
 28801 | Orc:2    | Bought a scroll of enchant weapon for 172 gold pieces
 29156 | D:15     | Got a pair of jewelled boots
 29167 | D:15     | Identified the cursed +0 pair of boots of Emyinwoa {rElec
                  | Int-3 Dex+5 Stlth+} (You found it on level 15 of the
                  | Dungeon)
 29307 | D:15     | Paralysed by a wizard for 6 turns
 29894 | D:15     | Found a staircase to the Depths.
 30056 | D:15     | Offered knowledge of Iskenderun's Battlesphere by Vehumet.
 30517 | Snake:1  | Entered Level 1 of the Snake Pit
 30551 | Shoals:1 | Entered Level 1 of the Shoals
 32512 | Elf:1    | Entered Level 1 of the Elven Halls
 32534 | Elf:1    | Reached skill level 14 in Earth Magic
 32741 | Elf:1    | Found a transporter.
 32743 | Elf:1    | Found a transporter.
 32743 | Elf:1    | Identified the +11 rapier of the Inferno {elec, MR+ Str+3}
 32743 | Elf:1    | Noticed a deep elf blademaster
 32744 | Elf:1    | Found a bloodstained altar of Trog.
 32757 | Elf:1    | Identified the +5 longbow "Sulut" {freeze, +Inv Dex-4
                  | Stlth+}
 32757 | Elf:1    | Noticed a deep elf master archer
 32757 | Elf:1    | Noticed a deep elf blademaster
 32758 | Elf:1    | Noticed Zilacon's ghost (adept OgMo)
 32758 | Elf:1    | Identified the cursed +0 quick blade of Ozixkal {antimagic,
                  | rF+ MR+ Int+3}
 32758 | Elf:1    | Noticed a deep elf blademaster
 32764 | Elf:1    | Found Xonnifo's General Store.
 33160 | Elf:1    | Cast into level 3 of the Abyss (a deep elf sorcerer)
 33237 | Abyss:3  | Noticed a tentacled starspawn
 33239 | Abyss:3  | Killed a tentacled starspawn
 33296 | Abyss:3  | Reached skill level 10 in Fire Magic
 33305 | Abyss:3  | Noticed a nagaraja
 33374 | Abyss:3  | Offered knowledge of Orb of Destruction by Vehumet.
 33394 | Abyss:3  | Reached XP level 17. HP: 106/106 MP: 20/32
 33632 | Abyss:3  | Noticed a tentacled starspawn
 33879 | Abyss:4  | Noticed a tentacled starspawn
 33884 | Abyss:4  | Found a corrupted altar of Lugonu.
 34121 | Elf:1    | Escaped the Abyss
 35202 | Elf:2    | Found a shimmering blue altar of Sif Muna.
 35337 | Elf:2    | Noticed an Ice Fiend
 35390 | Elf:2    | Offered knowledge of Freezing Cloud by Vehumet.
 35537 | Elf:2    | Found Kaiqy's Food Shoppe.
 35872 | Elf:2    | Found a runed translucent gate.
 35872 | Elf:2    | Found a runed translucent gate.
 35872 | Elf:2    | Found a runed translucent gate.
 36135 | Elf:2    | Identified the Collected Works on Summoning
 36427 | Elf:3    | Entered Level 3 of the Elven Halls
 36433 | Elf:3    | Noticed Bai Suzhen
 36440 | Elf:3    | Killed Bai Suzhen
 36636 | Elf:3    | Reached skill level 10 in Dodging
 36785 | Elf:3    | Reached XP level 18. HP: 112/112 MP: 33/33
 37557 | Elf:3    | Found Gitseach's General Store.
 37565 | Elf:3    | Bought a scroll of identify for 34 gold pieces
 37565 | Elf:3    | Bought a wand of acid (6) for 340 gold pieces
 37565 | Elf:3    | Bought a potion of heal wounds for 85 gold pieces
 37608 | Elf:3    | Noticed Louise
 37634 | Elf:3    | Killed Louise
 38206 | D:9      | Bought a wand of clouds (7) for 528 gold pieces
 38371 | Elf:3    | Noticed a deep elf blademaster
 38376 | Elf:3    | Reached skill level 15 in Earth Magic
 38379 | Elf:3    | Cast into level 2 of the Abyss (a deep elf sorcerer)
 38515 | Elf:3    | Escaped the Abyss
 38518 | Elf:3    | Killed a deep elf blademaster
 38550 | Elf:3    | Killed from afar by a deep elf annihilator

Illustrated notes

Levels and vault maps discovered:
D:1:      lightli_arrival_boilingwater, layout_basic,
          chequers_serial_rivers_micro_a
D:2:      minmay_skewed_foursquare, layout_rooms, makhleb_heckhound_becter,
          nicolae_overflow_hidden_temple, kennysheep_generic_room_14,
          uniq_sigmund, uniq_robin
D:3:      layout_basic, first_ration, supply_closet_lemuel,
          nemelex_dance_club_becter, uniq_terence
D:4:      layout_rooms, minmay_temple_entry_glass, hangedman_decor_peaks_small
D:5:      layout_basic, lemuel_doored_altar, kennysheep_mini,
          cheibrodos_worm_habitat, kennysheep_generic_room_11
D:6:      layout_basic, nicolae_ru_awakened_eye, gup_sewer_entry_spiral
D:7:      layout_loops_cross, serial_shops, nicolae_shop_statue_plus, the_bakery
D:8:      layout_cave_pools, okawaru_gym_becter, dpeg_oklobed_lair,
          minivault_25, uniq_pikel, uniq_erica, uniq_maurice, uniq_psyche
D:9:      layout_basic, nicolae_overflow_quartered_altars, serial_shops,
          nicolae_shop_stone, nicolae_shop_temple_entry_statues_fountains,
          nicolae_shop_stone, kennysheep_mini_moat, nicolae_shop_waterfront
D:10:     layout_stronghold, erik_orc_4
D:11:     layout_stronghold, serial_shops, bzr_in_the_mist,
          nicolae_shop_crystal, uniq_harold
D:12:     layout_loops_corners, ebering_ghost_disaster_area
D:13:     layout_gridville, david_vaults_2, basic_altar, minmay_the_grid_2x2
          [minmay_the_grid_odd_star, minmay_the_grid_small_cups,
          minmay_the_grid_pillar_ring, minmay_the_grid_prize_diamond_cup],
          uniq_urug
D:14:     layout_stronghold, nicolae_lava_and_water
D:15:     hangedman_depths_entry_try_elsewhere_first, layout_basic,
          serial_bayou_pond_a, portal_ice_cave_entry_animals_and_master,
          minmay_misc_feat_alley, minmay_increasing_density
Temple:   minmay_temple_curvy_loop
Lair:1:   layout_layer_cave, enter_volcano_4
Lair:2:   layout_cave_pods
Lair:3:   layout_cave_shapes, wad_woods_03
Lair:4:   layout_cave_pods, minmay_shoals_entry_hut,
          minmay_snake_entry_spellcaster, chequers_serial_rivers_room_a,
          st_stairs_12, grunt_megastairs_1, infiniplex_staircase_pool_2
Lair:5:   layout_regular_city, nicolae_slime_entry_slimehenge
Lair:6:   cheibrodos_lair_end_hotspot, layout_cave_pods,
          small_statue_intersection
Shoals:1: layout_shoals, nicolae_shoals_mertower
Shoals:2: cheibrodos_shoals_satyrical_garden, layout_shoals,
          nicolae_shoals_c_island
Snake:1:  layout_grid_shapes, uniq_frances, uniq_aizul
Orc:1:    layout_diamond_mine, basic_altar
Orc:2:    st_orc_town, layout_caves, serial_shops, nicolae_shop_trees,
          uniq_nessos, uniq_erolcha
Elf:1:    layout_geoelf_grid, serial_shops, shop,
          gammafunk_ghost_wrathful_warriors, hangedman_elf_disciples,
          dk_noncrumbling_4
Elf:2:    layout_loops_corners, basic_altar, serial_shops, shop,
          minmay_misc_feat_columns, minmay_elf_demonology, lemuel_elevator,
          uniq_azrael
Elf:3:    minmay_elf_hall_quartered_circle, layout_loops_corners, serial_shops,
          shop, elves_outpost_lemuel, uniq_louise, uniq_bai_suzhen

Skill      XL: |  1  2  3  4  5  6  7  8  9 10 11 12 13 14 15 16 17 18 |
---------------+-------------------------------------------------------+-----
Earth Magic    | 4 5 6 7 8 9 10 11 12 13 14 15 | 15.1
Conjurations   | 1 2 3 4 5 6 7 8 9 10 11 12 13 | 13.3
Spellcasting   | 3 4 5 6 7 8 9 10 11 | 11.9
Fighting       | 2 4 5 6 8 9 10 11 12 | 12.7
Maces & Flails | 2 3 5 6 7 8 9 10 11 | 11.8
Armour         | 2 4 5 6 |  6.0
Evocations     | 2 3 4 5 6 |  6.0
Dodging        | 2 3 4 5 6 7 8 9 10 | 10.2
Fire Magic     | 1 5 8 10 11 12 | 12.1
Stealth        | |  2.1
Transmutations | |  0.7

Action                   |  1- 3 |  4- 6 |  7- 9 | 10-12 | 13-15 | 16-18 || total
-------------------------+-------+-------+-------+-------+-------+-------++-------
Melee: Unarmed           |     9 |       |       |       |       |       ||     9
       Club              |    45 |       |       |       |       |       ||    45
       Short sword       |    99 |   166 |    31 |       |       |       ||   296
       Mace              |       |       |   272 |    35 |       |       ||   307
       Whip              |       |       |       |   198 |       |       ||   198
       Morningstar       |       |       |       |       |  1150 |   540 ||  1690
 Cast: Sandblast         |    20 |    33 |    97 |   205 |   141 |    32 ||   528
       Stone Arrow       |       |       |     1 |    19 |   185 |    28 ||   233
       Lee's Rapid Decon |       |       |     5 |    21 |    43 |    56 ||   125
       Iron Shot         |       |       |       |       |    23 |   109 ||   132
       Starburst         |       |       |       |       |     6 |    11 ||    17
       Fireball          |       |       |       |       |     5 |    20 ||    25
 Abil: Fly               |       |       |       |       |     1 |       ||     1
Evoke: Wand              |       |       |     3 |    17 |    20 |    22 ||    62
       Tin of tremorston |       |       |       |       |     6 |     4 ||    10
  Use: Scroll            |       |     7 |    14 |    12 |    17 |    14 ||    64
       Potion            |       |     1 |     4 |     3 |     2 |    11 ||    21
 Stab: Sleeping          |     3 |     4 |     9 |     5 |     8 |       ||    29
       Fleeing           |       |       |       |       |     1 |       ||     1
       Distracted        |       |       |       |       |       |     3 ||     3
       Invisible         |       |       |       |       |       |     2 ||     2
  Eat: Chunk             |     5 |     5 |    16 |    20 |    46 |    36 ||   128
       Ration            |       |       |       |     1 |     3 |     5 ||     9
Armor: Robe              |    95 |    85 |   158 |   170 |   816 |   400 ||  1724
       Skin              |       |       |    29 |       |       |       ||    29
Dodge: Dodged            |   162 |   125 |   234 |   215 |  1289 |   504 ||  2529

Table legend:
 A = Non-vault XP
 B = Vault XP
 C = Vault XP percentage of total XP
 D = Non-vault monster count
 E = Vault monster count
 F = Vault count percentage of total count
                 A         B        C        D         E       F
            +---------+---------+-------+---------+---------+-------
      Total |  172227 |  103808 |  37.6 |     688 |     281 |  29.0
            +---------+---------+-------+---------+---------+-------
        D:1 |      60 |      12 |  16.7 |      31 |       6 |  16.2
        D:2 |      90 |     285 |  76.0 |      25 |      11 |  30.6
        D:3 |     434 |      46 |   9.6 |      28 |       3 |   9.7
        D:4 |     525 |       0 |   0.0 |      18 |       0 |   0.0
        D:5 |      62 |       8 |  11.4 |       8 |       2 |  20.0
        D:6 |     749 |      55 |   6.8 |      15 |       8 |  34.8
        D:7 |     858 |     220 |  20.4 |      14 |       1 |   6.7
        D:8 |     921 |    2475 |  72.9 |      19 |       4 |  17.4
        D:9 |     344 |       0 |   0.0 |       5 |       0 |   0.0
       D:10 |     316 |     617 |  66.1 |       9 |      18 |  66.7
       D:11 |    6836 |     992 |  12.7 |      47 |       1 |   2.1
       D:12 |    5565 |       0 |   0.0 |      36 |       0 |   0.0
       D:13 |    3988 |   10787 |  73.0 |      24 |      22 |  47.8
       D:14 |    7985 |       0 |   0.0 |      35 |       0 |   0.0
       D:15 |    9879 |   10305 |  51.1 |      30 |      21 |  41.2
     Lair:1 |    5959 |       0 |   0.0 |      25 |       0 |   0.0
     Lair:2 |    6246 |       0 |   0.0 |      19 |       0 |   0.0
     Lair:3 |    1261 |     308 |  19.6 |       7 |       2 |  22.2
     Lair:4 |    6179 |    1337 |  17.8 |      24 |       5 |  17.2
     Lair:5 |   12316 |     157 |   1.3 |      31 |       6 |  16.2
     Lair:6 |   17876 |    8863 |  33.1 |      45 |      27 |  37.5
   Shoals:1 |   12006 |    7345 |  38.0 |      27 |       8 |  22.9
    Snake:1 |    1070 |       0 |   0.0 |       2 |       0 |   0.0
      Orc:1 |    1407 |       0 |   0.0 |      24 |       0 |   0.0
      Orc:2 |    2707 |    9449 |  77.7 |      23 |      60 |  72.3
      Elf:1 |   21412 |    5731 |  21.1 |      35 |       9 |  20.5
      Elf:2 |   17373 |    8046 |  31.7 |      29 |      11 |  27.5
      Elf:3 |   16300 |   27094 |  62.4 |      24 |      22 |  47.8
    Abyss:2 |       0 |    2691 | 100.0 |       0 |       4 | 100.0
    Abyss:3 |    6011 |     687 |  10.3 |      15 |       1 |   6.2
    Abyss:4 |    5492 |     841 |  13.3 |      14 |       1 |   6.7
      Sewer |       0 |     134 | 100.0 |       0 |       8 | 100.0
      IceCv |       0 |    5323 | 100.0 |       0 |      20 | 100.0
            +---------+---------+-------+---------+---------+-------
